 Dungeon Crawl Stone Soup version 0.32-a0-931-g5a2cda0630 (webtiles) character file.

Game seed: 17158446765078002494

243 NigelTetley the Changeling (level 6, -9/41 HPs)
             Began as an Octopode Shapeshifter on Apr 13, 2024.
             Mangled by an orc
             ... wielding a +0 morningstar
              (12 damage)
             ... on level 3 of the Dungeon.
             The game lasted 00:02:42 (3385 turns).

NigelTetley the Changeling (Octopode Shapeshifter)  Turns: 3385, Time: 00:02:42

Health: -9/41      AC:  1    Str: 14    XL:     6   Next: 9%
Magic:  6/6        EV: 13    Int: 12    God:
Gold:   88         SH:  0    Dex: 13    Spells: 5/5 levels left

rFire   + .          .
                       - Unarmed
rCold   + . .        (no shield)
rNeg    . . .        (helmet currently unavailable)
rPois   +            (no amulet)
rElec   +            (no ring)
rCorr   +            (no ring)
SInv    .            (no ring)
Will    +....        (no ring)
Stlth   ++           (no ring)
HPRegen 0.26/turn    (no ring)
MPRegen 0.10/turn    (no ring)
                     (no ring)

%: no passive effects
@: beast-form, resistant, hasted, very quick
A: beast (slay +2), almost no armour, amphibious, 8 rings, camouflage 1,
gelatinous body 1, (nimble swimmer 1), tentacles, strong-willed 1
a: Begin Untransformation


You were on level 3 of the Dungeon.
You were a hulking beast.
You visited 1 branch of the dungeon, and saw 3 of its levels.

You collected 88 gold pieces.

Inventory:

Talismans
 b - a beast talisman (active)
 c - a flux talisman
Scrolls
 e - a scroll of enchant armour
 i - a scroll of vulnerability
Potions
 a - a potion of lignification
 d - a potion of mutation
 f - 3 potions of magic
 j - a potion of brilliance {unknown}


   Skills:
 + Level 2.9 Fighting
 + Level 3.4 Dodging
 + Level 3.1 Unarmed Combat
 * Level 4.8 Shapeshifting


You had 5 spell levels left.
You didn't know any spells.
Your spell library contained the following spells:

 Spells                   Type           Power      Damage    Failure   Level
 Freeze                   Ice            0%         1d3       32%         1
 Frozen Ramparts          Ice            0%         1d1       69%         3
 Hailstorm                Conj/Ice       0%         3d5       69%         3
 Ozocubu's Armour         Ice            0%         N/A       69%         3
 Metabolic Englaciation   Hex/Ice        0%         N/A       100%        5


Dungeon Overview and Level Annotations

Branches:
Dungeon (3/15)

Altars:
Kikubaaqudgha

Shops:
D:3 (


Innate Abilities, Weirdness & Mutations

You are a hulking beast.
Your limbs bulge with bestial killing power. (Slay +2)
You cannot wear most types of armour.
You are amphibious.
You can wear up to eight rings at the same time.
Your skin changes colour to match your surroundings (Stealth+).
Your rubbery body absorbs attacks. (AC +1, EV +1)
((You are camouflaged when in or above water. (Stealth+)))
You have tentacles for arms and can constrict up to eight enemies at once.
You are strong-willed. (Will+)


Message History

You have reached level 6!
You barely miss the ball python. You grab the ball python.
You constrict the ball python. The ball python bites you.
The ball python constricts you.
You bludgeon the ball python!
You kill the ball python!
An orc comes into view. It is wielding a +0 hand axe.
A dart slug comes into view.
An orc comes into view. It is wielding a +0 club.
Found a flail.
The orc shouts!
You hear a shout!
The orc shouts!
An orc comes into view. It is wielding a +0 club.
An orc comes into view. It is wielding a +0 morningstar.
The orc barely misses you.
You bludgeon the orc!
You kill the orc!
The orc closely misses you. x2
You bludgeon the orc!
You kill the orc!
The orc hits you with a +0 morningstar! The orc hits you with a +0 club.
* * * LOW HITPOINT WARNING * * *
Items here: )) ††.
A hobgoblin comes into view. It is wielding a +0 trident.
The hobgoblin moves out of view.
The orc attacks as it pursues you! The orc hits you with a +0 club.
* * * LOW HITPOINT WARNING * * *
Unknown command.
You barely miss the orc. You grab the orc. You constrict the orc.
The orc hits you with a +0 club.
* * * LOW HITPOINT WARNING * * *
It was a potion of mutation.
You feel extremely strange.
You feel strong-willed.
You constrict the orc.
You kill the orc!
It was a potion of haste.
You feel yourself speed up. The orc closely misses you.
It was a potion of resistance.
You feel protected. The orc hits you with a +0 morningstar!
You die...

#.. #.# #.. # #..
##.# #.##...
#.#..# #).#.##..
#h##....# #o..# #
#w..##.#.
#)##....#
#.#..##.#
#..#.##.. .# .#
#.##....## . ## .
#...#.##.. .##.. .
#...##.#..##.#..##


You could see a dart slug and an orc.

Vanquished Creatures
  Crazy Yiuf (D:2)
  An iguana (D:3)
  Natasha (thrice) (D:2)
  Robin (D:2)
  2 adders (D:2)
  4 dart slugs
  2 ribbon worms
  3 orcs (D:3)
  9 bats
  2 endoplasms
  2 giant cockroaches (D:1)
  11 goblins
  5 hobgoblins
  3 quokkas
  6 ball pythons
  4 frilled lizards
  6 kobolds
  6 rats
71 creatures vanquished.

Notes
Turn   | Place    | Note
-------+----------+-------------------------------------------
     0 | D:1      | NigelTetley the Octopode Shapeshifter began the quest for
                  | the Orb.
     0 | D:1      | Reached XP level 1. HP: 13/13 MP: 1/1
   106 | D:1      | Reached XP level 2. HP: 18/18 MP: 2/2
   264 | D:1      | Reached XP level 3. HP: 23/23 MP: 3/3
   859 | D:2      | Found an ancient bone altar of Kikubaaqudgha.
  1035 | D:2      | Noticed Robin
  1038 | D:2      | Reached XP level 4. HP: 27/29 MP: 4/4
  1046 | D:2      | Killed Robin
  1155 | D:2      | Reached skill level 4 in Shapeshifting
  1179 | D:2      | Found a runed translucent door.
  1180 | D:2      | Noticed Crazy Yiuf
  1708 | D:2      | Noticed Natasha
  1719 | D:2      | Killed Natasha
  1720 | D:2      | Reached XP level 5. HP: 24/35 MP: 5/5
  2027 | D:2      | Noticed Natasha
  2037 | D:2      | Killed Natasha
  2176 | D:2      | Noticed Natasha
  2184 | D:2      | Killed Natasha
  2386 | D:2      | Found an ancient bone altar of Kikubaaqudgha.
  3074 | D:2      | Killed Crazy Yiuf
  3314 | D:3      | Found Umyhutac's Antique Weapon Shop.
  3362 | D:3      | Reached XP level 6. HP: 26/41 MP: 6/6
  3382 | D:3      | HP: 2/41 [orc/+0 club (5)]
  3383 | D:3      | Gained mutation: You are strong-willed. (Will+) [potion of
                  | mutation]
  3385 | D:3      | Mangled by an orc

Illustrated notes

Levels and vault maps discovered:
D:1:      erik_arrival_orb_chamber, layout_basic
D:2:      minmay_inner_zag, layout_loops_corners, basic_altar,
          uniq_crazy_yiuf_cottage, uniq_natasha, uniq_robin
D:3:      layout_rooms, serial_shops, shop, shop, nicolae_shop_rolled_up,
          cheibrodos_sewer_entry_bend, nicolae_eternal_life,
          minmay_ogre_servants, uniq_ijyb, uniq_grinder

Skill      XL: |  1  2  3  4 |
---------------+-------------+-----
Fighting       | 2 |  2.9
Shapeshifting  | 4 |  4.8
Dodging        | 3 |  3.4
Unarmed Combat | |  3.1

Action                     |  1- 3 |  4- 6 || total
---------------------------+-------+-------++-------
  Melee: Unarmed           |    58 |    58 ||   116
         Constrict         |    18 |    17 ||    35
         Tentacles         |     9 |    11 ||    20
         Punch             |       |     3 ||     3
    Use: Scroll            |     2 |     3 ||     5
         Potion            |       |     4 ||     4
   Stab: Sleeping          |     6 |     4 ||    10
 Armour: Skin              |    17 |    31 ||    48
  Dodge: Dodged            |    27 |    27 ||    54

Table legend: (Time is in decaauts)
 A = Elapsed time spent in this place.
 B = Non-inter-level travel time spent in this place.
 C = Inter-level travel time spent in this place.
 D = Time resting spent in this place.
 E = Time spent auto-exploring this place.
 F = Levels seen in this place.
 G = Mean time per level.
                   A        B        C        D        E       F      G
               +--------+--------+--------+--------+--------+-----+--------+
         Total |   3377 |   3258 |    119 |     61 |   2749 |   3 | 1125.7 |
       Dungeon |   3377 |   3258 |    119 |     61 |   2749 |   3 | 1125.7 |
               +--------+--------+--------+--------+--------+-----+--------+

Top non-repeatable levels by time:
     D:2: 2488 daAuts
     D:1: 753 daAuts
     D:3: 136 daAuts
